 Seeded DCSS version 0.30-a0-149-g7f746667c4 (webtiles) character file.

Game seed: 3044142121954287085 (custom seed)

136 purpskrrrp the Shooter (level 4, -1/37 HPs)
             Began as a Demigod Hunter on Sept 26, 2022.
             Slain by Blork the orc
             ... wielding a +0 vorpal mace
              (2 damage)
             ... on level 4 of the Dungeon.
             The game lasted 00:03:32 (2347 turns).

purpskrrrp the Shooter (Demigod Hunter)             Turns: 2347, Time: 00:03:33

Health: -1/37      AC:  4    Str: 12    XL:     4   Next: 67%
Magic:  6/6        EV: 13    Int: 11    God:
Gold:   157        SH:  0    Dex: 21    Spells: 3/3 levels left

rFire   . . .      SeeInvis .    a - +0 shortbow
rCold   . . .      Faith    .    (shield currently unavailable)
rNeg    . . .      Spirit   .    c - +0 leather armour
rPois   .          Reflect  .    (no helmet)
rElec   .          Harm     .    (no cloak)
rCorr   .          Rampage  .    q - +0 pair of gloves {hurl}
Will    .....                    (no boots)
Stlth   ++........               (no amulet)
HPRegen 0.12/turn                (no ring)
MPRegen 0.10/turn                (no ring)

@: mighty
A: high MP 1, forlorn, divine attributes
a: no special abilities


You were on level 4 of the Dungeon.
You visited 1 branch of the dungeon, and saw 4 of its levels.

You collected 157 gold pieces.

Inventory:

Hand Weapons
 a - a +0 shortbow (weapon)
Armour
 c - a +0 leather armour (worn)
 q - a +0 pair of gloves of hurling (worn)
Jewellery
 j - a ring of fire
 o - a ring of flight
Scrolls
 b - 2 scrolls of immolation
 d - 3 scrolls of noise {unknown}
 e - 7 scrolls of teleportation {unknown}
 g - 2 scrolls of magic mapping {unknown}
 l - 4 scrolls of identify {unknown}
 n - a scroll of brand weapon {unknown}
 p - a scroll of summoning {unknown}
Potions
 f - a potion of flight {unknown}
 h - a potion of mutation {unknown}
 k - a potion of attraction {unknown}
 m - 2 potions of curing {unknown}


   Skills:
 + Level 2.5 Fighting
 * Level 4.5 Ranged Weapons
 + Level 2.6 Dodging
 + Level 2.2 Stealth


You had 3 spell levels left.
You didn't know any spells.
Your spell library contained the following spells:

 Spells                   Type           Power      Damage    Failure   Level
 Sting                    Tmut/Pois      0%         1d3       41%         1
 Poisonous Vapours        Pois/Air       0%         N/A       56%         2
 Olgreb's Toxic Radiance  Pois           0%         N/A       99%         4


Dungeon Overview and Level Annotations

Branches:
Dungeon (4/15)
 Temple: D:4-7

Shops:
D:3 (

Annotations:
D:4 Blork the orc


Innate Abilities, Weirdness & Mutations

You have an increased reservoir of magic. (+10% MP)
You shall have no god before yourself.
Your divine heritage dramatically boosts your attributes as you level up.


Message History

You are too injured to fight recklessly!
You are too injured to fight recklessly!
Unknown command.
Okay, then.
Okay, then.
Okay, then.
Blork the orc attacks as you move away!
Blork the orc hits you with a +0 vorpal mace.
* * * LOW HITPOINT WARNING * * *
x2 It was a potion of heal wounds.
You feel much better.
Blork the orc gestures wildly while chanting.
Blork the orc seems to speed up.
You shoot an arrow. The arrow barely misses Blork the orc.
Blork the orc hits you with a +0 vorpal mace.
Blork the orc barely misses you.
You feel very mighty all of a sudden.
Blork the orc gestures at you while chanting.
The puff of frost hits you.
You shoot an arrow. The arrow barely misses Blork the orc.
Blork the orc hits you with a +0 vorpal mace.
Blork the orc hits you with a +0 vorpal mace!
* * * LOW HITPOINT WARNING * * *
You are too injured to fight recklessly!
You feel much better. Blork the orc completely misses you.
Blork the orc casts a spell at you. The puff of flame hits you!
You shoot an arrow. The arrow hits Blork the orc.
Blork the orc is severely wounded.
Blork the orc hits you with a +0 vorpal mace!
You are too injured to fight recklessly!
Fire: a) +0 shortbow
Press: ? - help, Q - select action Shift-Dir - straight line, f/p - Blork the orc
Aim: Blork the orc, wielding a +0 vorpal mace and wearing a +0 robe (severely wounded, fast, 69% to hit)
You shoot an arrow. The arrow closely misses Blork the orc.
Blork the orc frowns.
Blork the orc hits you with a +0 vorpal mace.
* * * LOW HITPOINT WARNING * * *
x2 Blork the orc hits you with a +0 vorpal mace!
* * * LOW HITPOINT WARNING * * *
You die...

.. .# .## ..##.. .#
...######.##.###.##
.................(
#..............#########
#.......................
##.................[..††.
...........>.............
#.....o@.(.....######.#.
#.############## #.#.
#.#. #.#. #.#. #.#.


You could see Blork the orc (fast).

Vanquished Creatures
  A hound (D:2)
  Jessica (D:3)
  2 adders
  2 worms (D:2)
  4 orcs (D:3)
  4 ball pythons
  4 bats
  5 endoplasms
  2 giant cockroaches
  5 goblins
  5 hobgoblins (D:1)
  3 jackals (D:2)
  A quokka (D:4)
  A frilled lizard (D:1)
  4 kobolds
  10 rats
54 creatures vanquished.

Notes
Turn   | Place    | Note
-------+----------+-------------------------------------------
     0 | D:1      | purpskrrrp the Demigod Hunter began the quest for the Orb.
     0 | D:1      | Reached XP level 1. HP: 17/17 MP: 3/3
    30 | D:1      | Reached skill level 1 in Stealth
    44 | D:1      | Reached XP level 2. HP: 24/24 MP: 4/4
   556 | D:2      | Reached skill level 4 in Ranged Weapons
   879 | D:2      | Reached XP level 3. HP: 29/29 MP: 5/5
  1603 | D:3      | Noticed Jessica
  1787 | D:3      | Killed Jessica
  1788 | D:3      | Reached XP level 4. HP: 37/37 MP: 6/6
  1877 | D:3      | Found Rarpheph's Antique Weapon Shoppe.
  2331 | D:4      | Noticed Blork the orc
  2347 | D:4      | HP: 1/37 [Blork the orc/+0 vorpal mace (8)]
  2347 | D:4      | Slain by Blork the orc

Illustrated notes

Levels and vault maps discovered:
D:1:      amcnicky_arrival_flooded_fountain, layout_rooms
D:2:      layout_loops_ring, hellmonk_ecumenical_altar_slurped_away,
          basic_altar, dk_noncrumbling_2
D:3:      layout_rooms, serial_shops, nicolae_shop_statue_plus, uniq_jessica
D:4:      layout_basic, mainiacjoe_overflow_24_doors,
          mainiacjoe_overflow_alcove_1, mainiacjoe_overflow_alcove_2,
          lightli_sewer_entry_pipes, serial_shops, nicolae_shop_trees,
          minmay_shop_damaged, roderic_st_hans_cross, uniq_menkaure, uniq_robin,
          uniq_blork_the_orc

Skill      XL: |  1  2  3 |
---------------+----------+-----
Stealth        | 1 2 |  2.2
Dodging        | 2 |  2.6
Fighting       | 2 |  2.5
Ranged Weapons | 4 |  4.5

Action                   |  1- 3 |  4- 6 || total
-------------------------+-------+-------++-------
 Fire: Shortbow          |   119 |    51 ||   170
  Use: Potion            |       |     3 ||     3
Armor: Leather armour    |    15 |     4 ||    19
Dodge: Dodged            |    42 |    11 ||    53

Table legend: (Time is in decaauts)
 A = Elapsed time spent in this place.
 B = Non-inter-level travel time spent in this place.
 C = Inter-level travel time spent in this place.
 D = Time resting spent in this place.
 E = Time spent auto-exploring this place.
 F = Levels seen in this place.
 G = Mean time per level.
                   A        B        C        D        E       F      G
               +--------+--------+--------+--------+--------+-----+--------+
         Total |   2416 |   2382 |     34 |    643 |   1372 |   4 |  604.0 |
       Dungeon |   2416 |   2382 |     34 |    643 |   1372 |   4 |  604.0 |
               +--------+--------+--------+--------+--------+-----+--------+

Top non-repeatable levels by time:
     D:2: 1352 daAuts
     D:3: 537 daAuts
     D:1: 461 daAuts
     D:4: 64 daAuts
